 Dungeon Crawl Stone Soup version 0.31-a0-1540-g5a0b83f448 (webtiles) character file.

Game seed: 9018456271928071746

95 MisterAzrael the Ruffian (level 4, 0/28 HPs)
             Began as an Octopode Shapeshifter on Jan 2, 2024.
             Was an Initiate of Cheibriados.
             Succumbed to a kobold's poison
             ... on level 4 of the Dungeon.
             The game lasted 00:03:47 (2449 turns).

MisterAzrael the Ruffian (Octopode Shapeshifter)    Turns: 2449, Time: 00:03:48

Health: 0/28       AC:  1    Str: 16    XL:     4   Next: 66%
Magic:  4/4        EV: 13    Int: 13    God:    Cheibriados [......]
Gold:   88         SH:  5    Dex: 12    Spells: 3/3 levels left

rFire   . .          .
                       - Unarmed
rCold   . . .        (no shield)
rNeg    . . .        (helmet currently unavailable)
rPois   .            e - amulet of reflection
rElec   .            t - ring of see invisible
rCorr   .            (no ring)
SInv    +            (no ring)
Will    .....        (no ring)
Stlth   +++          (no ring)
HPRegen 0.24/turn    (no ring)
MPRegen 0.09/turn    (no ring)
                     (no ring)

%: reflection
@: lethally poisoned (0 -> -26), beast-form, very slow
A: beast (slay +2), almost no armour, amphibious, 8 rings, camouflage 1,
gelatinous body 1, (nimble swimmer 1), tentacles
a: Begin Untransformation, Renounce Religion


You were on level 4 of the Dungeon.
You worshipped Cheibriados.
Cheibriados was noncommittal.
You were a hulking beast.
You visited 1 branch of the dungeon, and saw 4 of its levels.

You collected 283 gold pieces.
You spent 195 gold pieces at shops.

Inventory:

Magical Staves
 m - a staff of conjuration
Jewellery
 e - an amulet of reflection (around mantle)
 t - a ring of see invisible (left tentacle)
Talismans
 b - a beast talisman
 c - a flux talisman
Scrolls
 h - a scroll of identify {unknown}
 i - 2 scrolls of blinking {unknown}
 j - 2 scrolls of immolation {unknown}
 k - 2 scrolls of fear {unknown}
 l - a scroll of noise {unknown}
 n - a scroll of fog {unknown}
 o - a scroll of poison {unknown}
 p - a scroll of teleportation {unknown}
 r - 2 scrolls of vulnerability {unknown}
Potions
 a - a potion of lignification
 d - a potion of enlightenment {unknown}
 f - 4 potions of curing {unknown}
 g - 4 potions of heal wounds {unknown}
 q - a potion of ambrosia {unknown}
 s - a potion of haste {unknown}


   Skills:
 - Level 1.0 Fighting
 - Level 2.0 Dodging
 * Level 3.3 Stealth
 + Level 3.9 Unarmed Combat
 + Level 3.7 Shapeshifting


You had 3 spell levels left.
You didn't know any spells.
Your spell library contained the following spells:

 Spells                   Type           Power      Damage    Failure   Level
 Ensorcelled Hibernation  Hex/Ice        0%         N/A       43%         2
 Scorch                   Fire           0%         2d5       43%         2
 Call Canine Familiar     Summ           0%         N/A       67%         3
 Passwall                 Erth           0%         N/A       67%         3
 Sigil of Binding         Hex            0%         N/A       67%         3
 Swiftness                Air            0%         N/A       67%         3
 Dimensional Bullseye     Hex/Tloc       0%         N/A       97%         4
 Flame Wave               Conj/Fire      0%         2d4       97%         4
 Summon Forest            Summ/Tloc      0%         N/A       100%        5
 Eringya's Noxious Bog    Alch           0%         4d6       100%        6
 Summon Cactus Giant      Summ           0%         N/A       100%        6
 Summon Hydra             Summ           0%         N/A       100%        7


Dungeon Overview and Level Annotations

Branches:
Dungeon (4/15)
 Temple: D:4-7

Altars:
Ashenzari
Cheibriados
Elyvilon
Kikubaaqudgha
Sif Muna
Uskayaw
Zin
The Shining One

Shops:
D:4 =


Innate Abilities, Weirdness & Mutations

You are a hulking beast.
Your limbs bulge with bestial killing power. (Slay +2)
You cannot wear most types of armour.
You are amphibious.
You can wear up to eight rings at the same time.
Your skin changes colour to match your surroundings (Stealth+).
Your rubbery body absorbs attacks. (AC +1, EV +1)
((You are camouflaged when in or above water. (Stealth+)))
You have tentacles for arms and can constrict up to eight enemies at once.


Message History

No target in view!
You pick up a book of Burglary and begin reading...
You add the spells Ensorcelled Hibernation, Swiftness and Passwall to your library.
f - 4 blue potions (gained 1)
You now have 88 gold pieces (gained 17).
Found a stone staircase leading up.
A kobold comes into view.
It is wielding a +0 short sword of venom and quivering poisoned darts.
A kobold is nearby!
A steam dragon comes into view.
The kobold shouts!
The kobold throws a poisoned dart.
The poisoned dart closely misses you.
There is a stone staircase leading up here.
You tentacle-slap the steam dragon but do no damage.
You tentacle-slap the steam dragon, but do no damage.
Your squeeze misses the steam dragon. The steam dragon closely misses you.
The steam dragon claws you. The kobold barely misses you.
You tentacle-slap the steam dragon but do no damage.
The steam dragon barely misses you. The steam dragon closely misses you.
The kobold hits you with a +0 short sword of venom.
You tentacle-slap the steam dragon.
The steam dragon is lightly wounded.
The steam dragon barely misses you. You block the steam dragon's attack.
The kobold hits you with a +0 short sword of venom.
You are poisoned.
You tentacle-slap the steam dragon.
You squeeze the steam dragon, but do no damage.
The steam dragon is lightly wounded.
You feel sick. The steam dragon barely misses you. x2
The kobold hits you with a +0 short sword of venom.
You are lethally poisoned!
You bludgeon the steam dragon!
The steam dragon is moderately wounded.
You feel sick. You block the steam dragon's attack. The steam dragon claws you.
* * * LOW HITPOINT WARNING * * *
The kobold hits you with a +0 short sword of venom.
* * * LOW HITPOINT WARNING * * *
You are more poisoned.
You closely miss the steam dragon. You tentacle-slap the steam dragon.
The steam dragon is heavily wounded.
You die...

... #.##.....# #..>.....#
.... #.##.....# #.....##.###
#..##.##.....# #8..........
##.....##.....# ##.#..######
...............# #.#.#....##
######.....#.######.#.#.)....
....#.##.............).....
###.#.##...................
..#.##.#hK......#........
...#.##..D########.#######
... #.##.#.# ... #. #.#..
###. #.### #. ..# ##


You could see a steam dragon and a kobold.

Vanquished Creatures
  3 adders
  A dart slug (D:1)
  A ribbon worm (D:2)
  5 bats
  6 endoplasms
  3 giant cockroaches
  8 goblins
  6 hobgoblins
  2 quokkas
  13 ball pythons
  5 frilled lizards
  3 kobolds
  5 rats
61 creatures vanquished.

Notes
Turn   | Place    | Note
-------+----------+-------------------------------------------
     0 | D:1      | MisterAzrael the Octopode Shapeshifter began the quest for
                  | the Orb.
     0 | D:1      | Reached XP level 1. HP: 13/13 MP: 1/1
   109 | D:1      | Reached skill level 1 in Stealth
   154 | D:1      | Reached XP level 2. HP: 18/18 MP: 2/2
   347 | D:1      | Reached XP level 3. HP: 23/23 MP: 3/3
   738 | D:1      | Found a faded altar of an unknown god.
   786 | D:1      | Prayed at the altar of an unknown god.
   786 | D:1      | Became a worshipper of the Shining One
   786 | D:1      | Reached * piety under the Shining One
  1085 | D:2      | Found an ancient bone altar of Kikubaaqudgha.
  1319 | D:2      | Reached XP level 4. HP: 28/28 MP: 4/4
  1642 | D:3      | Found a snail-covered altar of Cheibriados.
  1642 | D:3      | Found a shimmering blue altar of Sif Muna.
  1656 | D:3      | Fell from the grace of the Shining One
  1656 | D:3      | Became a worshipper of Cheibriados the Contemplative
  2021 | D:3      | Found a glowing golden altar of the Shining One.
  2021 | D:3      | Found a glowing silver altar of Zin.
  2022 | D:3      | Found a white marble altar of Elyvilon.
  2038 | D:3      | Found a broken altar of Ashenzari.
  2116 | D:3      | Found a hide-covered altar of Uskayaw.
  2376 | D:4      | Found Damm's Jewellery Shoppe.
  2379 | D:4      | Bought a ring of see invisible for 195 gold pieces
  2442 | D:4      | Noticed a steam dragon
  2449 | D:4      | Succumbed to a kobold's poison

Illustrated notes

Levels and vault maps discovered:
D:1:      dpeg_arrival_concentric_ovals, layout_basic,
          shapermc_ecumenical_altar_flowoftime, serial_park_tiny_pond,
          chequers_garden, chequers_mini_garden
D:2:      layout_basic, basic_altar
D:3:      layout_loops_ring, good_gods_temple_1, mainiacjoe_overflow_brackets,
          lemuel_tele_altar, jmf_multi_god_temple
D:4:      layout_basic, nicolae_stop_n_shop_1

Skill      XL: |  1  2  3  4 |
---------------+-------------+-----
Stealth        | 1 2 3 |  3.3
Fighting       | |  1.0
Dodging        | |  2.0
Unarmed Combat | |  3.9
Shapeshifting  | |  3.7

Action                     |  1- 3 |  4- 6 || total
---------------------------+-------+-------++-------
  Melee: Unarmed           |    87 |    32 ||   119
         Constrict         |    18 |     8 ||    26
         Tentacles         |    14 |     3 ||    17
         Punch             |     1 |     3 ||     4
   Stab: Sleeping          |     9 |     7 ||    16
 Armour: Skin              |    22 |    13 ||    35
  Dodge: Dodged            |    34 |    18 ||    52
  Block: Other             |    11 |     6 ||    17
         Reflection        |       |     1 ||     1

Table legend: (Time is in decaauts)
 A = Elapsed time spent in this place.
 B = Non-inter-level travel time spent in this place.
 C = Inter-level travel time spent in this place.
 D = Time resting spent in this place.
 E = Time spent auto-exploring this place.
 F = Levels seen in this place.
 G = Mean time per level.
                   A        B        C        D        E       F      G
               +--------+--------+--------+--------+--------+-----+--------+
         Total |   2653 |   2508 |    145 |      0 |   2037 |   4 |  663.2 |
       Dungeon |   2653 |   2508 |    145 |      0 |   2037 |   4 |  663.2 |
               +--------+--------+--------+--------+--------+-----+--------+

Top non-repeatable levels by time:
     D:3: 938 daAuts
     D:1: 874 daAuts
     D:2: 749 daAuts
     D:4: 91 daAuts
